 Dungeon Crawl Stone Soup version 0.16-a0-3855-gd2600ac (webtiles) character file.

5376 ketsa the Basher (level 10, -10/77 HPs)
             Began as a Demonspawn Berserker on Jan 31, 2015.
             Was a High Priest of Trog.
             Mangled by a troll (11 damage)
             ... on level 9 of the Dungeon.
             The game lasted 00:36:34 (12562 turns).

ketsa the Basher (Demonspawn Berserker)            Turns: 12562, Time: 00:36:35

Health: -10/77     AC:  7    Str: 19    XL:     10   Next: 39%
Magic:  10/10      EV: 14    Int:  8    God:    Trog [*****.]
Gold:   404        SH:  0    Dex: 15    Spells: 0 memorised, 9 levels left

rFire  + . .     SeeInvis .     Y - +0 flail
rCold  . . .     Clarity  +     n - +0 ring mail
rNeg   + . .     SustAb   .     (no shield)
rPois  +         Gourm    .     (helmet restricted)
rElec  .         Spirit   .     (no cloak)
rCorr  .         Warding  .     (no gloves)
rMut   .         Stasis   .     U - +0 pair of boots
MR     +++..                    X - amulet of the Four Winds {Clar rN+ MR+++}
Stlth  +.........               a - ring of protection from fire
                                R - ring of poison resistance

@: extremely resistant to hostile enchantments, very unstealthy
A: claws 2, hooves 2, horns 1, powered by pain 2, rot immunity
a: Burn Spellbooks, Berserk, Trog's Hand, Brothers in Arms, Renounce Religion


You were on level 9 of the Dungeon.
You worshipped Trog.
Trog was extremely pleased with you.
You were hungry.

You visited 2 branches of the dungeon, and saw 11 of its levels.

You collected 404 gold pieces.

Inventory:

Hand weapons
 r - the +7 trident "Naopnofa" {speed, +Blink +Inv rC+ Int-3, unknown}
   (You found it on level 9 of the Dungeon)

   Attacks with this weapon are significantly faster.
   It affects your intelligence (-3).
   It protects you from cold.
   It lets you turn invisible.
   It lets you blink.
 F - a +0 morningstar
 W - a +0 whip
 Y - a +0 flail (weapon)
Missiles
 m - 7 tomahawks (quivered)
 q - 6 poisoned javelins
 E - 6 steel javelins
 O - 16 poisoned needles
 S - 3 tomahawks of returning
Armour
 b - a cursed +0 buckler
 n - a +0 ring mail (worn)
 v - a +0 scale mail
 x - a +0 plate armour
 G - a +0 chain mail
 J - a +0 shield of positive energy
 P - a +2 robe of positive energy
 U - a +0 pair of boots (worn)
Jewellery
 a - a ring of protection from fire (right claw)
 d - an uncursed ring of magical power
 u - an uncursed amulet of resist mutation
 R - a ring of poison resistance (left claw)
 X - the amulet of the Four Winds (around neck) {Clar rN+ MR+++}
   (You took it off an orc on level 8 of the Dungeon)

   [amulet of clarity]

   It provides mental clarity.
   It protects you from negative energy.
   It affects your resistance to hostile enchantments.
Magical devices
 M - a wand of digging (15)
Scrolls
 g - 2 scrolls of noise
 i - 8 scrolls of remove curse
 j - 3 scrolls of fog {unknown}
 k - 9 scrolls of identify
 p - a scroll of enchant armour {unknown}
 s - a scroll of amnesia {unknown}
 t - 3 scrolls of teleportation {unknown}
 y - 2 scrolls of enchant weapon {unknown}
 A - a scroll of random uselessness {unknown}
 B - a scroll of blinking {unknown}
 D - a scroll of brand weapon {unknown}
 I - 2 scrolls of recharging {unknown}
 L - a scroll of immolation {unknown}
 T - a scroll of torment {unknown}
Potions
 e - a potion of flight
 f - a potion of heal wounds
 h - a potion of restore abilities {unknown}
 l - 3 potions of curing
 o - 2 potions of haste
 w - 3 potions of poison {unknown}
 z - a potion of magic {unknown}
 H - 2 potions of lignification {unknown}
 V - a potion of cancellation {unknown}
 Z - a potion of brilliance {unknown}
Comestibles
 c - 5 bread rations
 C - a beef jerky
 K - 4 meat rations
 N - 15 fruits
 Q - 7 slices of pizza


   Skills:
 + Level 6.4 Fighting
 * Level 9.3 Maces & Flails
 - Level 4.4 Throwing
 + Level 6.3 Armour
 + Level 6.5 Dodging


You had 9 spell levels left.
You didn't know any spells.

Dungeon Overview and Level Annotations

Branches:
Dungeon (10/15)            Temple (1/1) D:4
   Lair: D:8-11         Orc: D:9-12

Altars:
Ashenzari
Cheibriados
Dithmenos
Elyvilon
Fedhas
Gozag
Kikubaaqudgha
Makhleb
Nemelex Xobeh
Okawaru
Qazlal
Ru
Sif Muna
Trog
Vehumet
Xom
Yredelemnul
Zin
The Shining One

Shops:
D:5 *   D:8 :


Innate Abilities, Weirdness & Mutations

You have very sharp fingernails.
You have hoof-like feet.
You have a pair of small horns on your head.
You sometimes gain power by taking damage.
You are immune to rotting.


Message History

The troll is lightly wounded.
The troll bites you. The troll claws you but does no damage.
The troll claws you!
You hit the troll.
You headbutt the troll, but do no damage.
The troll is lightly wounded.
The troll bites you! The troll closely misses you. The troll claws you.
* * * LOW HITPOINT WARNING * * *
You sock the troll!
The troll is moderately wounded.
The troll bites you!
* * * LOW HITPOINT WARNING * * *
The troll claws you.
* * * LOW HITPOINT WARNING * * *
The troll closely misses you.
Use which ability? (? or * to list)
You fail to use your ability.
The troll bites you!
* * * LOW HITPOINT WARNING * * *
The troll claws you!
You die...

...... ... .. .##
#.# #.. # #. #.# ..
#. #.# #.##.######
#.........#
#....?....#
#.........#
#...@T....#
#.##.###### #.##.# .
#.##.# ... #.##.# ..
#.##.###
#.##......#######..
#..#..............>"
#.#.......).......#


You could see a troll.

Vanquished Creatures
  A gargoyle (D:8)
  The ghost of emiel the Chiller, an experienced HEIE (D:5)
  A shadow (D:8)
  2 yaks (D:8)
  2 wasps (D:8)
  2 black bears
  2 phantoms (D:6)
  A sky beast (D:8)
  2 ogres
  2 ice beasts
  4 centaurs
  2 orc warriors
  Sigmund (D:5)
  3 giant frogs
  2 big kobolds (D:8)
  Blork the orc (D:5)
  A gnoll sergeant (D:4)
  A scorpion (D:6)
  10 killer bees (D:8)
  2 goliath beetles (D:7)
  3 hounds (D:5)
  4 crimson imps
  An iguana (D:4)
  A jelly (D:9)
  5 orc priests
  Natasha (D:4)
  7 orc wizards
  5 worker ants
  2 sheep (D:8)
  A killer bee zombie (D:8)
  Ijyb (D:4)
  A hound zombie (D:6)
  A worker ant zombie (D:8)
  10 adders
  5 gnolls (D:5)
  A shadow imp (D:5)
  A giant mite (D:2)
  7 worms
  An adder zombie (D:5)
  2 adder skeletons (D:7)
  A giant gecko (D:1)
  An ooze (D:1)
  39 orcs
  6 bats
  16 hobgoblins
  10 jackals
  15 kobolds
  6 quokkas
  3 ball pythons
  7 giant cockroaches
  6 giant newts
  A giant spore (D:7)
  5 goblins
  A quokka skeleton (D:3)
  15 rats
  5 ballistomycetes (D:7)
240 creatures vanquished.

Vanquished Creatures (collateral kills)
  A hydra (D:8)
  A big kobold (D:8)
2 creatures vanquished.

Grand Total: 242 creatures vanquished

Notes
Turn   | Place    | Note
--------------------------------------------------------------
     0 | D:1      | ketsa, the Demonspawn Berserker, began the quest for the Orb.
     0 | D:1      | Reached XP level 1. HP: 18/18 MP: 1/1
   373 | D:1      | Gained mutation: You have large cloven feet. [demonic ancestry]
   373 | D:1      | Reached XP level 2. HP: 22/24 MP: 2/2
   470 | D:1      | HP: 1/36 [giant gecko (3)]
  1537 | D:2      | Acquired Trog's second power
  1632 | D:2      | Reached XP level 3. HP: 29/29 MP: 3/3
  2320 | D:2      | Gained mutation: You have sharp fingernails. [demonic ancestry]
  2320 | D:2      | Reached XP level 4. HP: 31/35 MP: 4/4
  2718 | D:3      | Reached skill level 4 in Maces & Flails
  3334 | D:3      | Found a basalt altar of Yredelemnul.
  3891 | D:3      | Found a sacrificial altar of Ru.
  3892 | D:3      | Found a stormy altar of Qazlal.
  3892 | D:3      | Found an iron altar of Okawaru.
  4058 | D:3      | Gained mutation: You have very sharp fingernails. [demonic ancestry]
  4058 | D:3      | Reached XP level 5. HP: 32/41 MP: 5/5
  4072 | D:3      | Received a gift from Trog
  4777 | D:4      | Gained mutation: You have hoof-like feet. [demonic ancestry]
  4777 | D:4      | Reached XP level 6. HP: 33/47 MP: 6/6
  5021 | D:4      | Reached skill level 1 in Throwing
  5186 | D:4      | Found a staircase to the Ecumenical Temple.
  5187 | D:4      | Noticed a phantom
  5199 | Temple   | Entered the Ecumenical Temple
  5452 | D:4      | Reached skill level 5 in Maces & Flails
  5616 | D:5      | Entered Level 5 of the Dungeon
  5912 | D:5      | Gained mutation: You have a pair of small horns on your head. [demonic ancestry]
  5912 | D:5      | Reached XP level 7. HP: 4/52 MP: 7/7
  6235 | D:5      | Noticed Sigmund
  6240 | D:5      | Killed Sigmund
  6246 | D:5      | Noticed emiel's ghost (experienced HEIE)
  6246 | D:5      | Acquired Trog's third power
  7093 | D:5      | Killed emiel's ghost
  7093 | D:5      | Reached skill level 6 in Maces & Flails
  7093 | D:5      | Gained mutation: You sometimes gain a little power by taking damage. [demonic ancestry]
  7093 | D:5      | Reached XP level 8. HP: 53/59 MP: 8/8
  7099 | D:5      | Received a gift from Trog
  7431 | D:5      | Noticed Blork the orc
  7450 | D:5      | Killed Blork the orc
  7531 | D:5      | Noticed Natasha
  7547 | D:5      | Noticed Ijyb
  7569 | D:4      | Killed Ijyb
  7697 | D:4      | Killed Natasha
  7898 | D:5      | Found Zin's Purification Station.
  7902 | D:5      | Found a glowing silver altar of Zin.
  8354 | D:6      | Reached skill level 5 in Dodging
  8482 | D:6      | Reached skill level 7 in Maces & Flails
  8702 | D:6      | Found an ancient bone altar of Kikubaaqudgha.
  8710 | D:6      | Gained mutation: You sometimes gain power by taking damage. [demonic ancestry]
  8710 | D:6      | Reached XP level 9. HP: 47/67 MP: 9/9
  8966 | D:6      | Found a snail-covered altar of Cheibriados.
  9382 | D:7      | Reached skill level 5 in Fighting
  9382 | D:7      | Reached skill level 5 in Armour
 10078 | D:7      | Found a glowing golden altar of the Shining One.
 10446 | D:8      | Reached skill level 8 in Maces & Flails
 10598 | D:8      | Received a gift from Trog
 10836 | D:8      | Found a burning altar of Makhleb.
 11250 | D:8      | Noticed a gargoyle
 11488 | D:8      | Gained mutation: You are immune to rotting. [demonic ancestry]
 11488 | D:8      | Reached XP level 10. HP: 62/76 MP: 10/10
 11606 | D:8      | Noticed a three-headed hydra
 11610 | D:8      | Killed a three-headed hydra
 11670 | D:8      | Found Duabb's Book Emporium.
 11747 | D:8      | Killed a gargoyle
 11747 | D:8      | Reached skill level 9 in Maces & Flails
 12495 | D:10     | Entered Level 10 of the Dungeon
 12545 | D:9      | Got a smoking trident
 12562 | D:9      | HP: 1/77 [troll (11)]
 12562 | D:9      | Mangled by a troll

Action                   |  1- 3 |  4- 6 |  7- 9 | 10-12 || total
-------------------------+-------+-------+-------+-------++-------
Melee: Mace              |   109 |   103 |       |       ||   212
       Flail             |       |   134 |   485 |    69 ||   688
Throw: Tomahawk          |     7 |    25 |    14 |     6 ||    52
       Javelin           |       |       |    11 |       ||    11
Invok: Berserk           |     3 |     4 |     9 |     2 ||    18
       Brothers in Arms  |       |       |       |     1 ||     1
  Use: Potion            |       |     3 |       |     1 ||     4
       Scroll            |       |       |     5 |       ||     5
  Eat: Chunk             |     6 |    12 |    23 |     3 ||    44
       Bread ration      |       |     1 |       |       ||     1
       Meat ration       |       |       |     1 |       ||     1
       Royal jelly       |       |       |       |     1 ||     1
